[ AOE2 MATCH · #479215568 ]
Team RMCumans vs Huns
[ REPLAY ANALYSIS · EXTRACTED FROM THE RECORDED GAME ]
Feudal
—
Castle
—
Imperial
—
| APM avg | 15.9 |
| APM peak | 62 |
| eAPM avg | 11.3 |
| Villagers / military | 107 / 185 |
Focus
⚔️ 45.9% · 🌾 54.1%
Kipchak ×86 · Spearman ×79 · Battering Ram ×13 · Trebuchet (Packed) ×4 · Scout Cavalry ×2 · Monk ×1
Feudal
21:25
Castle
34:54
Imperial
45:48
| APM avg | 9.0 |
| APM peak | 22 |
| eAPM avg | 8.1 |
| Villagers / military | 196 / 190 |
Focus
⚔️ 24.1% · 🌾 75.9%
Knight ×185 · Trade Cart ×12 · Scout Cavalry ×4 · Monk ×1
Feudal
—
Castle
—
Imperial
—
| APM avg | 0.9 |
| APM peak | 32 |
| eAPM avg | 0.7 |
| Villagers / military | 7 / 0 |
Focus
⚔️ 0.0% · 🌾 100.0%
Feudal
17:27
Castle
23:18
Imperial
41:50
| APM avg | 8.7 |
| APM peak | 50 |
| eAPM avg | 8.0 |
| Villagers / military | 127 / 174 |
Focus
⚔️ 24.2% · 🌾 75.8%
Throwing Axeman ×127 · Knight ×46 · Trade Cart ×8 · Monk ×1
Match map
Initial resources + every placement click. Lines = walls · curves = elevation contours. ◆ gold · ⬟ stone · ● berries · ✦ relic · ◌ wall gap
Your base· Open — unwalled flank
Slow Horses's base· Open — unwalled flank
旅行大玩家's base· Open — unwalled flank
Iv4n1to's base· Open — unwalled flank
Smoothed initial terrain · ◌ = detected wall gap · hover for details
Inputs per minute
— aike_le_furet - - Slow Horses
Build order — aike_le_furet
First 150 of 448 actions detected
| 2:11 | Build | Town Center |
| 4:22 | Create | Villager (Male) |
| 4:22 | Create | Villager (Male) |
| 4:22 | Create | Villager (Male) |
| 4:22 | Create | Villager (Male) |
| 4:23 | Create | Villager (Male) |
| 5:23 | Build | House |
| 5:24 | Build | House |
| 6:09 | Build | Mill |
| 6:31 | Create | Villager (Male) |
| 6:32 | Create | Villager (Male) |
| 7:09 | Create | Villager (Male) |
| 7:56 | Create | Villager (Male) |
| 7:56 | Create | Villager (Male) |
| 8:50 | Create | Villager (Male) |
| 8:50 | Create | Villager (Male) |
| 8:50 | Create | Villager (Male) |
| 8:50 | Create | Villager (Male) |
| 9:14 | Build | House |
| 9:16 | Build | House |
| 9:53 | Create | Villager (Male) |
| 9:53 | Create | Villager (Male) |
| 9:53 | Create | Villager (Male) |
| 10:16 | Create | Villager (Male) |
| 10:16 | Create | Villager (Male) |
| 11:36 | Create | Villager (Male) |
| 11:36 | Create | Villager (Male) |
| 11:36 | Create | Villager (Male) |
| 11:36 | Create | Villager (Male) |
| 11:36 | Create | Villager (Male) |
| 11:53 | Create | Villager (Male) |
| 11:53 | Create | Villager (Male) |
| 13:49 | Build | Lumber Camp |
| 14:42 | Research | Feudal Age |
| 14:47 | Create | Villager (Male) |
| 14:47 | Create | Villager (Male) |
| 14:48 | Create | Villager (Male) |
| 15:16 | Build | Mining Camp |
| 15:31 | Build | Farm |
| 15:34 | Build | Farm |
| 15:36 | Build | Farm |
| 15:38 | Build | Farm |
| 15:39 | Build | Farm |
| 15:41 | Build | Farm |
| 15:41 | Build | Farm |
| 15:44 | Build | Farm |
| 16:24 | Build | Farm |
| 16:29 | Build | Farm |
| 16:33 | Build | Farm |
| 16:57 | Build | Town Center |
| 17:07 | Research | Double-Bit Axe |
| 18:07 | Create | Villager (Male) |
| 18:13 | Create | Villager (Male) |
| 18:26 | Create | Villager (Male) |
| 18:26 | Create | Villager (Male) |
| 18:26 | Create | Villager (Male) |
| 18:26 | Create | Villager (Male) |
| 18:27 | Create | Villager (Male) |
| 18:27 | Create | Villager (Male) |
| 18:27 | Create | Villager (Male) |
| 18:55 | Research | Horse Collar |
| 19:40 | Build | Barracks |
| 19:52 | Build | House |
| 19:53 | Build | House |
| 20:02 | Create | Villager (Male) |
| 20:02 | Create | Villager (Male) |
| 20:03 | Create | Villager (Male) |
| 20:03 | Create | Villager (Male) |
| 20:25 | Create | Villager (Male) |
| 20:25 | Create | Villager (Male) |
| 20:26 | Create | Villager (Male) |
| 20:34 | Build | Stable |
| 20:45 | Build | House |
| 21:02 | Build | Farm |
| 21:15 | Create | Scout Cavalry |
| 21:15 | Create | Scout Cavalry |
| 21:24 | Build | Archery Range |
| 21:30 | Build | Palisade Gate |
| 21:38 | Build | Farm |
| 21:46 | Create | Villager (Male) |
| 21:46 | Create | Villager (Male) |
| 21:46 | Create | Villager (Male) |
| 21:51 | Build | Farm |
| 22:04 | Build | Farm |
| 22:08 | Create | Villager (Male) |
| 22:08 | Create | Villager (Male) |
| 22:09 | Create | Villager (Male) |
| 22:33 | Build | Palisade Wall |
| 22:43 | Build | Stable |
| 22:48 | Build | Palisade Wall |
| 22:55 | Build | Farm |
| 23:01 | Build | Farm |
| 23:06 | Create | Villager (Male) |
| 23:06 | Create | Villager (Male) |
| 23:07 | Create | Villager (Male) |
| 23:07 | Create | Villager (Male) |
| 23:15 | Build | House |
| 23:46 | Build | House |
| 23:55 | Build | House |
| 24:02 | Build | Palisade Wall |
| 24:08 | Create | Villager (Male) |
| 24:08 | Create | Villager (Male) |
| 24:09 | Create | Villager (Male) |
| 24:42 | Create | Villager (Male) |
| 24:42 | Create | Villager (Male) |
| 24:43 | Create | Villager (Male) |
| 24:43 | Create | Villager (Male) |
| 24:43 | Create | Villager (Male) |
| 24:43 | Create | Villager (Male) |
| 24:44 | Create | Villager (Male) |
| 24:44 | Create | Villager (Male) |
| 24:44 | Create | Villager (Male) |
| 25:08 | Build | House |
| 25:15 | Build | Palisade Wall |
| 25:18 | Build | Palisade Wall |
| 26:22 | Build | Mining Camp |
| 26:29 | Build | Palisade Wall |
| 26:33 | Build | Palisade Wall |
| 26:57 | Research | Castle Age |
| 27:15 | Build | Palisade Gate |
| 27:46 | Research | Stone Mining |
| 28:29 | Build | House |
| 28:32 | Build | Palisade Wall |
| 28:36 | Build | Palisade Wall |
| 28:47 | Build | Blacksmith |
| 28:53 | Build | Market |
| 29:44 | Create | Villager (Male) |
| 29:44 | Create | Villager (Male) |
| 29:44 | Create | Villager (Male) |
| 29:45 | Create | Villager (Male) |
| 29:45 | Create | Villager (Male) |
| 29:45 | Create | Villager (Male) |
| 29:45 | Create | Villager (Male) |
| 29:46 | Create | Villager (Male) |
| 29:51 | Research | Thumb Ring |
| 29:57 | Research | Heavy Plow |
| 30:27 | Build | Mining Camp |
| 31:01 | Build | Farm |
| 31:16 | Research | Bloodlines |
| 31:31 | Build | Monastery |
| 31:41 | Create | Villager (Male) |
| 31:41 | Create | Villager (Male) |
| 31:42 | Create | Villager (Male) |
| 31:42 | Create | Villager (Male) |
| 31:42 | Create | Villager (Male) |
| 31:42 | Create | Villager (Male) |
| 31:43 | Create | Villager (Male) |
| 31:52 | Research | Padded Archer Armor |
| 31:53 | Research | Fletching |
| 32:09 | Build | Castle |
Build order — Slow Horses
First 150 of 292 actions detected
| 1:52 | Build | Town Center |
| 2:24 | Build | Mill |
| 3:55 | Research | Loom |
| 3:56 | Create | Villager (Male) |
| 3:56 | Create | Villager (Male) |
| 3:57 | Create | Villager (Male) |
| 3:57 | Create | Villager (Male) |
| 3:57 | Create | Villager (Male) |
| 5:46 | Create | Villager (Male) |
| 5:46 | Create | Villager (Male) |
| 5:47 | Create | Villager (Male) |
| 6:49 | Create | Villager (Male) ×2 |
| 6:49 | Create | Villager (Male) ×2 |
| 7:31 | Create | Villager (Male) |
| 7:31 | Create | Villager (Male) |
| 7:47 | Build | Lumber Camp |
| 7:55 | Create | Villager (Male) |
| 7:56 | Create | Villager (Male) |
| 8:50 | Create | Villager (Male) |
| 8:51 | Create | Villager (Male) |
| 8:51 | Create | Villager (Male) |
| 8:51 | Create | Villager (Male) |
| 9:10 | Build | Mill |
| 10:54 | Create | Villager (Male) |
| 10:54 | Create | Villager (Male) |
| 12:08 | Create | Villager (Male) |
| 12:08 | Create | Villager (Male) |
| 12:09 | Create | Villager (Male) |
| 12:09 | Create | Villager (Male) |
| 12:24 | Build | Mining Camp |
| 12:34 | Create | Villager (Male) |
| 12:35 | Create | Villager (Male) |
| 12:35 | Create | Villager (Male) |
| 12:35 | Create | Villager (Male) |
| 13:34 | Build | Mining Camp |
| 13:37 | Create | Villager (Male) |
| 13:38 | Create | Villager (Male) |
| 13:38 | Create | Villager (Male) |
| 14:48 | Create | Villager (Male) |
| 14:48 | Create | Villager (Male) |
| 14:48 | Create | Villager (Male) |
| 14:48 | Create | Villager (Male) |
| 14:48 | Create | Villager (Male) |
| 16:04 | Create | Villager (Male) |
| 16:04 | Create | Villager (Male) |
| 16:05 | Create | Villager (Male) |
| 16:28 | Create | Villager (Male) |
| 16:28 | Create | Villager (Male) |
| 16:28 | Create | Villager (Male) |
| 17:30 | Build | Barracks |
| 19:15 | Research | Feudal Age |
| 21:25 | Age | Feudal Age |
| 21:28 | Research | Wheelbarrow |
| 21:29 | Research | Town Watch |
| 21:32 | Research | Double-Bit Axe |
| 21:51 | Research | Horse Collar |
| 22:08 | Build | Market |
| 22:16 | Build | Blacksmith |
| 22:25 | Build | Stable |
| 22:30 | Build | Archery Range |
| 22:37 | Research | Gold Mining |
| 23:33 | Research | Stone Mining |
| 23:43 | Create | Villager (Male) |
| 23:43 | Create | Villager (Male) |
| 24:05 | Build | Farm |
| 24:05 | Build | Farm |
| 24:05 | Build | Farm |
| 24:06 | Build | Farm |
| 24:06 | Build | Farm |
| 24:06 | Build | Farm |
| 24:06 | Build | Farm |
| 24:07 | Build | Farm |
| 24:09 | Build | Farm |
| 24:10 | Build | Farm |
| 24:10 | Build | Farm |
| 24:10 | Build | Farm |
| 24:11 | Build | Farm |
| 24:11 | Build | Farm |
| 24:11 | Build | Farm |
| 24:26 | Create | Villager (Male) |
| 24:27 | Create | Villager (Male) |
| 24:49 | Create | Villager (Male) |
| 24:49 | Create | Villager (Male) |
| 25:23 | Build | Lumber Camp |
| 25:36 | Build | Farm |
| 25:55 | Create | Villager (Male) |
| 25:55 | Create | Villager (Male) |
| 25:56 | Create | Villager (Male) |
| 25:56 | Create | Villager (Male) |
| 25:56 | Create | Villager (Male) |
| 26:17 | Create | Trade Cart |
| 26:18 | Create | Trade Cart |
| 26:18 | Create | Trade Cart |
| 26:18 | Create | Trade Cart |
| 26:24 | Research | Fletching |
| 26:29 | Create | Scout Cavalry |
| 26:45 | Create | Villager (Male) |
| 26:45 | Create | Villager (Male) |
| 26:46 | Create | Villager (Male) |
| 27:05 | Create | Scout Cavalry |
| 27:23 | Create | Villager (Male) |
| 27:23 | Create | Villager (Male) |
| 27:24 | Create | Villager (Male) |
| 27:24 | Create | Villager (Male) |
| 27:54 | Research | Scale Barding Armor |
| 28:05 | Create | Scout Cavalry |
| 28:14 | Create | Villager (Male) |
| 28:15 | Create | Villager (Male) |
| 28:16 | Create | Villager (Male) |
| 28:40 | Research | Bloodlines |
| 29:02 | Research | Scale Mail Armor |
| 29:06 | Create | Scout Cavalry |
| 29:15 | Create | Trade Cart |
| 29:42 | Research | Forging |
| 30:33 | Create | Trade Cart |
| 30:34 | Create | Trade Cart |
| 31:34 | Build | Stable |
| 31:45 | Build | Market |
| 31:52 | Build | Watch Tower |
| 32:14 | Research | Castle Age |
| 32:26 | Research | Padded Archer Armor |
| 34:54 | Age | Castle Age |
| 34:57 | Research | Town Patrol |
| 34:58 | Research | Hand Cart |
| 35:04 | Research | Bow Saw |
| 35:10 | Research | Heavy Plow |
| 35:13 | Research | Gold Shaft Mining |
| 35:24 | Build | Town Center |
| 35:28 | Research | Bodkin Arrow |
| 35:30 | Research | Iron Casting |
| 35:31 | Research | Chain Mail Armor |
| 35:41 | Research | Caravan |
| 35:58 | Build | Watch Tower |
| 36:24 | Create | Villager (Male) ×5 |
| 36:25 | Create | Villager (Male) ×5 |
| 36:25 | Create | Villager (Male) |
| 36:44 | Create | Trade Cart ×5 |
| 37:11 | Build | University |
| 37:23 | Build | Monastery |
| 37:55 | Build | Castle |
| 38:02 | Research | Chain Barding Armor |
| 38:18 | Build | Farm |
| 38:18 | Build | Farm |
| 38:18 | Build | Farm |
| 38:19 | Build | Farm |
| 38:19 | Build | Farm |
| 38:21 | Build | Farm |
| 38:24 | Build | Farm |
| 38:32 | Create | Villager (Male) ×5 |
| 38:32 | Create | Villager (Male) ×5 |
Build order — 旅行大玩家
13 actions detected in the replay
| 0:09 | Build | Town Center |
| 1:45 | Build | House |
| 1:46 | Build | House |
| 1:49 | Build | House |
| 1:51 | Build | House |
| 2:32 | Research | Loom |
| 2:33 | Create | Villager (Male) |
| 2:33 | Create | Villager (Male) |
| 2:33 | Create | Villager (Male) |
| 2:34 | Create | Villager (Male) |
| 2:34 | Create | Villager (Male) |
| 2:34 | Create | Villager (Male) |
| 2:34 | Create | Villager (Male) |
Build order — Iv4n1to
First 150 of 373 actions detected
| 2:20 | Build | Town Center |
| 3:03 | Build | House |
| 3:13 | Build | Mill |
| 4:27 | Create | Villager (Male) |
| 4:27 | Create | Villager (Male) |
| 4:27 | Create | Villager (Male) |
| 4:28 | Create | Villager (Male) |
| 4:28 | Create | Villager (Male) |
| 6:02 | Create | Villager (Male) |
| 6:03 | Create | Villager (Male) |
| 6:07 | Create | Villager (Male) |
| 7:02 | Create | Villager (Male) |
| 7:02 | Create | Villager (Male) |
| 7:20 | Build | House |
| 7:40 | Build | House |
| 7:47 | Build | House |
| 8:03 | Create | Villager (Male) |
| 8:04 | Create | Villager (Male) |
| 8:41 | Create | Villager (Male) |
| 8:41 | Create | Villager (Male) |
| 8:41 | Create | Villager (Male) |
| 9:06 | Create | Villager (Male) |
| 10:01 | Create | Villager (Male) |
| 10:01 | Create | Villager (Male) |
| 10:13 | Build | Lumber Camp |
| 11:00 | Create | Villager (Male) |
| 11:01 | Create | Villager (Male) |
| 12:00 | Build | Farm |
| 12:00 | Build | Farm |
| 12:00 | Build | Farm |
| 12:01 | Build | Farm |
| 12:02 | Build | Farm |
| 12:20 | Create | Villager (Male) |
| 12:21 | Create | Villager (Male) |
| 12:24 | Create | Villager (Male) |
| 13:28 | Build | Mining Camp |
| 13:51 | Build | Farm |
| 13:53 | Build | Farm |
| 13:59 | Build | Farm |
| 14:00 | Build | Farm |
| 14:00 | Build | Farm |
| 14:00 | Build | Farm |
| 14:50 | Research | Loom |
| 15:17 | Research | Feudal Age |
| 16:45 | Create | Villager (Male) |
| 16:45 | Create | Villager (Male) |
| 16:46 | Create | Villager (Male) |
| 17:27 | Age | Feudal Age |
| 17:34 | Research | Double-Bit Axe |
| 17:52 | Build | Blacksmith |
| 18:30 | Build | Mining Camp |
| 18:58 | Build | House |
| 19:04 | Build | House |
| 19:08 | Build | House |
| 19:54 | Build | Market |
| 20:23 | Build | Barracks |
| 20:38 | Research | Castle Age |
| 20:51 | Research | Gold Mining |
| 21:49 | Build | Lumber Camp |
| 21:59 | Create | Villager (Male) |
| 21:59 | Create | Villager (Male) |
| 22:00 | Create | Villager (Male) |
| 22:00 | Create | Villager (Male) |
| 23:18 | Age | Castle Age |
| 23:28 | Research | Bow Saw |
| 23:41 | Create | Villager (Male) |
| 23:47 | Research | Gold Shaft Mining |
| 23:48 | Research | Stone Mining |
| 24:21 | Create | Villager (Male) |
| 24:22 | Create | Villager (Male) |
| 24:22 | Create | Villager (Male) |
| 24:43 | Build | Town Center |
| 25:49 | Research | Wheelbarrow |
| 26:19 | Build | Town Center |
| 26:30 | Create | Villager (Male) |
| 26:31 | Create | Villager (Male) |
| 26:31 | Create | Villager (Male) |
| 26:31 | Create | Villager (Male) |
| 26:32 | Create | Villager (Male) |
| 26:32 | Create | Villager (Male) |
| 26:57 | Build | Stable |
| 27:01 | Build | Stable |
| 27:27 | Build | Farm |
| 28:10 | Create | Villager (Male) |
| 28:10 | Create | Villager (Male) |
| 28:10 | Create | Villager (Male) |
| 28:11 | Create | Villager (Male) |
| 28:11 | Create | Villager (Male) |
| 28:12 | Create | Villager (Male) |
| 28:12 | Create | Villager (Male) |
| 28:35 | Build | House |
| 28:36 | Build | House |
| 28:41 | Build | House |
| 28:48 | Build | House |
| 28:50 | Build | House |
| 28:52 | Build | House |
| 28:53 | Build | House |
| 28:55 | Build | House |
| 28:56 | Build | House |
| 28:58 | Build | House |
| 29:01 | Build | House |
| 29:05 | Build | House |
| 29:07 | Build | House |
| 29:09 | Build | House |
| 29:11 | Build | House |
| 29:15 | Build | House |
| 29:16 | Build | House |
| 29:18 | Build | House |
| 29:20 | Build | House |
| 29:26 | Build | House |
| 29:49 | Research | Hand Cart |
| 29:53 | Create | Villager (Male) |
| 29:53 | Create | Villager (Male) |
| 29:54 | Create | Villager (Male) |
| 29:57 | Create | Villager (Male) |
| 29:57 | Create | Villager (Male) |
| 29:58 | Create | Villager (Male) |
| 29:58 | Create | Villager (Male) |
| 30:35 | Create | Villager (Male) |
| 30:35 | Create | Villager (Male) |
| 30:36 | Create | Villager (Male) |
| 30:36 | Create | Villager (Male) |
| 30:48 | Build | Farm |
| 30:48 | Build | Farm |
| 30:48 | Build | Farm |
| 30:48 | Build | Farm |
| 30:49 | Build | Farm |
| 30:49 | Build | Farm |
| 30:49 | Build | Farm |
| 30:49 | Build | Farm |
| 30:49 | Build | Farm |
| 30:50 | Build | Farm |
| 30:50 | Build | Farm |
| 31:13 | Build | Mill |
| 31:53 | Create | Villager (Male) |
| 31:54 | Create | Villager (Male) |
| 31:54 | Create | Villager (Male) |
| 31:54 | Create | Villager (Male) |
| 31:54 | Create | Villager (Male) |
| 31:55 | Create | Villager (Male) |
| 31:56 | Create | Villager (Male) |
| 31:56 | Create | Villager (Male) |
| 31:56 | Create | Villager (Male) |
| 33:22 | Build | Farm |
| 33:22 | Build | Farm |
| 33:23 | Build | Farm |
| 33:23 | Build | Farm |
| 33:23 | Build | Farm |
| 33:23 | Build | Farm |
| 33:24 | Build | Farm |
Match timeline
| 4:48 | 旅行大玩家 · resign |
| 17:27 | Iv4n1to · age_up feudal |
| 17:30 | Slow Horses · first_building Barracks |
| 19:40 | aike_le_furet · first_building Barracks |
| 20:23 | Iv4n1to · first_building Barracks |
| 20:34 | aike_le_furet · first_building Stable |
| 21:24 | aike_le_furet · first_building Archery Range |
| 21:25 | Slow Horses · age_up feudal |
| 22:25 | Slow Horses · first_building Stable |
| 22:30 | Slow Horses · first_building Archery Range |
| 22:33 | aike_le_furet · wall_segment Palisade Wall x2 |
| 22:48 | aike_le_furet · wall_segment Palisade Wall x1 |
| 23:18 | Iv4n1to · age_up castle |
| 24:02 | aike_le_furet · wall_segment Palisade Wall x1 |
| 25:15 | aike_le_furet · wall_segment Palisade Wall x1 |
| 25:18 | aike_le_furet · wall_segment Palisade Wall x4 |
| 26:29 | aike_le_furet · wall_segment Palisade Wall x2 |
| 26:33 | aike_le_furet · wall_segment Palisade Wall x6 |
| 26:57 | Iv4n1to · first_building Stable |
| 28:32 | aike_le_furet · wall_segment Palisade Wall x10 |
| 28:36 | aike_le_furet · wall_segment Palisade Wall x6 |
| 29:18 | Slow Horses · first_market_sell 100 wood |
| 31:31 | aike_le_furet · first_building Monastery |
| 32:09 | aike_le_furet · first_building Castle |
| 34:54 | Slow Horses · age_up castle |
| 35:10 | Iv4n1to · wall_segment Palisade Wall x14 |
| 35:47 | Iv4n1to · first_building Monastery |
| 37:23 | Slow Horses · first_building Monastery |
| 37:44 | Iv4n1to · wall_segment Palisade Wall x21 |
| 37:55 | Slow Horses · first_building Castle |
| 38:32 | Iv4n1to · first_building Castle |
| 41:50 | Iv4n1to · age_up imperial |
| 42:22 | aike_le_furet · first_market_buy 100 wood |
| 44:35 | Slow Horses · first_market_buy 100 stone |
| 45:48 | Slow Horses · age_up imperial |
| 46:10 | aike_le_furet · first_building Siege Workshop |
[ AI ANALYSIS · 1 CREDIT ]
What really happened in this match?
Wolo.gg analyzes every decision: build order, eco, micro, common mistakes by bracket. Personalized analysis on WhatsApp or Discord in 30 seconds.
Civ guide
Cumans
Map guide
African Clearing
Perfil
Jugador #24339961